 Dungeon Crawl Stone Soup version 0.30-a0-782-ge64f9170bb (webtiles) character file.

Game seed: 2993832606660463272

179 Arth the Ruffian (level 5, -10/53 HPs)
             Began as a Troll Fighter on Feb 19, 2023.
             Mangled by an ogre
             ... wielding a +0 giant club
              (25 damage)
             ... on level 4 of the Dungeon.
             The game lasted 00:03:50 (1499 turns).

Arth the Ruffian (Troll Fighter)                    Turns: 1499, Time: 00:03:51

Health: -10/53     AC:  4    Str: 24    XL:     5   Next: 33%
Magic:  4/4        EV:  8    Int:  6    God:
Gold:   74         SH:  7    Dex:  9    Spells: 4/4 levels left

rFire   . . .      SeeInvis .      - Unarmed
rCold   . . .      Faith    .    b - +0 kite shield
rNeg    . . .      Spirit   .    a - +0 robe
rPois   .          Reflect  .    (helmet restricted)
rElec   .          Harm     .    (no cloak)
rCorr   .          Rampage  .    (gloves unavailable)
Will    .....                    (boots unavailable)
Stlth   +                        (no amulet)
HPRegen 1.08/turn                (no ring)
MPRegen 0.09/turn                (no ring)

@: no status effects
A: large, unfitting armour, claws 3, regeneration 1, shaggy fur 1, tough skin 1
a: no special abilities


You were on level 4 of the Dungeon.
You visited 1 branch of the dungeon, and saw 5 of its levels.

You collected 74 gold pieces.

Inventory:

Armour
 a - a +0 robe (worn)
 b - a +0 kite shield (worn)
Scrolls
 e - 3 scrolls of identify {unknown}
 h - a scroll of torment {unknown}
Potions
 c - 2 potions of might
 d - 2 potions of curing {unknown}
 f - a potion of berserk rage {unknown}
 g - 2 potions of degeneration {unknown}
 i - a potion of mutation {unknown}
 j - a potion of heal wounds {unknown}


   Skills:
 + Level 3.4 Fighting
 - Level 2.4 Dodging
 - Level 2.6 Shields
 * Level 4.7 Unarmed Combat


You had 4 spell levels left.
You didn't know any spells.
Your spell library contained the following spells:

 Spells                   Type           Power      Damage    Failure   Level
 Sting                    Tmut/Pois      0%         1d3       77%         1
 Poisonous Vapours        Pois/Air       0%         N/A       88%         2
 Olgreb's Toxic Radiance  Pois           0%         N/A       100%        4


Dungeon Overview and Level Annotations

Branches:
Dungeon (5/15)
 Temple: D:4-7

Altars:

Shops:
D:2 *(==[


Innate Abilities, Weirdness & Mutations

You are too large for most types of armour.
You have claws for hands.
Your natural rate of healing is unusually fast.
You are covered in fur. (AC +1)
You have tough skin. (AC +1)


Message History

The giant cockroach is severely wounded.
You block the giant cockroach's attack.
You scratch the giant cockroach.
You kill the giant cockroach!
No target in view!
No target in view!
No target in view!
j - a smoky inky potion You see here an iguana corpse.
Found a stone staircase leading up.
An adder comes into view.
Found a stone staircase leading up.
The adder hisses angrily.
You block the adder's attack.
You claw the adder!
You kill the adder!
No target in view!
You see here an adder corpse.
There is a stone staircase leading up here.
There is a stone staircase leading up here.
You open the door. 2 ogres come into view.
Found 4 stones and a peridot ring.
The ogre shouts!
The ogre moves out of view.
There is an open door here.
An orc and an endoplasm come into view.
Found a club.
You barely miss the ogre. The ogre closely misses you.
The ogre hits you with a +0 giant club!
The orc shouts!
The endoplasm freezes you.
You are frozen.
The ogre hits you with a +0 giant club!!
* * * LOW HITPOINT WARNING * * *
You claw the endoplasm!
You kill the endoplasm!
You block the ogre's attack.
The ogre hits you with a +0 giant club!!
You die...

##..)## ##..# ##.....#
#...# ...8..# #.†.##
.(...###### #.#..# ...
#....###.##.##
#.######..#..##..#
#o#..##........#.#
#OO...#........#.#
#@###.<........... #.#
##............
#...##..........#.# ####
#.....#.........^#.< #..#
....8..#..........### ...#
###.....#............#
...## ##.=.##......#####.#
....#### #########.......#
#..
.......####......#........#
###


You could see 2 ogres and an orc.

Vanquished Creatures
  2 hounds (D:5)
  An iguana (D:4)
  4 adders
  A shadow imp (D:5)
  2 dart slugs (D:2)
  An orc (D:4)
  4 ball pythons
  3 endoplasms
  3 giant cockroaches
  2 goblins
  7 hobgoblins
  3 quokkas
  3 bats
  5 frilled lizards
  4 kobolds (D:1)
  4 rats
49 creatures vanquished.

Notes
Turn   | Place    | Note
-------+----------+-------------------------------------------
     0 | D:1      | Arth the Troll Fighter began the quest for the Orb.
     0 | D:1      | Reached XP level 1. HP: 22/22 MP: 0/0
   347 | D:1      | Reached XP level 2. HP: 29/29 MP: 1/1
   754 | D:2      | Found Loxkatir's Assorted Antiques.
   773 | D:1      | Reached skill level 3 in Unarmed Combat
   773 | D:1      | Reached XP level 3. HP: 21/36 MP: 2/2
   906 | D:2      | Found Noixt's Jewellery Boutique.
   992 | D:2      | Found Kothyll's Antique Weapon Boutique.
  1219 | D:2      | Found Synix's Antique Armour Shoppe.
  1224 | D:2      | Found Seubi's Jewellery Shoppe.
  1266 | D:3      | You fall into a shaft and drop 2 floors!
  1266 | D:5      | Entered Level 5 of the Dungeon
  1302 | D:5      | Reached XP level 4. HP: 45/45 MP: 3/3
  1332 | D:5      | Reached skill level 4 in Unarmed Combat
  1342 | D:5      | Reached XP level 5. HP: 53/53 MP: 4/4
  1490 | D:4      | Noticed an ogre
  1490 | D:4      | Noticed an ogre
  1499 | D:4      | Mangled by an ogre

Illustrated notes

Levels and vault maps discovered:
D:1:      eino_arrival_druids_welcome, layout_basic, minmay_close_crescents
D:2:      layout_basic, serial_shops, shop, shop, shop, shop, shop,
          dreamdust_princess_corridor
D:3:      layout_loops_ring, serial_shops, nicolae_shop_hallway_stairs,
          nicolae_ecumenical_snake_handling, uniq_ijyb, uniq_terence,
          uniq_sigmund
D:4:      minmay_octagon_keep, layout_rooms, eat_drink_and_be_merry_uskayaw,
          minivault_26
D:5:      layout_basic, mainiacjoe_overflow_concentric_impassable

Skill      XL: |  1  2  3  4 |
---------------+-------------+-----
Unarmed Combat | 3 4 |  4.7
Fighting       | 3 |  3.4
Dodging        | |  2.4
Shields        | |  2.6

Action                     |  1- 3 |  4- 6 || total
---------------------------+-------+-------++-------
  Melee: Unarmed           |    91 |    23 ||   114
   Stab: Sleeping          |     2 |       ||     2
 Armour: Robe              |    19 |     4 ||    23
  Dodge: Dodged            |    22 |     6 ||    28
  Block: Kite shield       |    30 |     8 ||    38

Table legend: (Time is in decaauts)
 A = Elapsed time spent in this place.
 B = Non-inter-level travel time spent in this place.
 C = Inter-level travel time spent in this place.
 D = Time resting spent in this place.
 E = Time spent auto-exploring this place.
 F = Levels seen in this place.
 G = Mean time per level.
                   A        B        C        D        E       F      G
               +--------+--------+--------+--------+--------+-----+--------+
         Total |   1507 |   1444 |     63 |     44 |   1100 |   5 |  301.4 |
       Dungeon |   1507 |   1444 |     63 |     44 |   1100 |   5 |  301.4 |
               +--------+--------+--------+--------+--------+-----+--------+

Top non-repeatable levels by time:
     D:1: 799 daAuts
     D:2: 470 daAuts
     D:4: 152 daAuts
     D:5: 81 daAuts
     D:3: 2 daAuts
